 Dungeon Crawl Stone Soup version 0.25.1-2-g60ff931df9 (webtiles) character file.

Game seed: 14692669690959219001

423 pokeman the Magician (level 6, -12/35 HPs)
             Began as a Deep Elf Wizard on Oct 17, 2020.
             Mangled by an ogre
             ... wielding a +0 giant club
              (27 damage)
             ... on level 4 of the Dungeon.
             The game lasted 00:08:44 (4447 turns).

pokeman the Magician (Deep Elf Wizard)              Turns: 4447, Time: 00:08:44

Health: -12/35     AC:  5    Str:  4    XL:     6   Next: 63%
Magic:  9/18       EV: 11    Int: 25    God:
Gold:   172        SH:  0    Dex: 13    Spells: 8/19 levels left

rFire    . . .     SeeInvis .   i - +1 short sword (venom)
rCold    . . .     Gourm    .   (no shield)
rNeg     . . .     Faith    .   j - +0 leather armour
rPois    .         Spirit   .   b - +0 hat
rElec    .         Reflect  .   w - +0 cloak (curse)
rCorr    .         Harm     .   (no gloves)
MR       .....                  k - +0 pair of boots
Stlth    ++........             c - amulet of the acrobat
HPRegen  0.11/turn              (no ring)
MPRegen  0.16/turn              (no ring)

@: no status effects
A: no striking features
a: no special abilities


You were on level 4 of the Dungeon.
You were hungry.

You visited 1 branch of the dungeon, and saw 4 of its levels.
You also visited: Sewer.

You collected 172 gold pieces.

Inventory:

Hand Weapons
 i - a +1 short sword of venom (weapon)
Armour
 b - a +0 hat (worn)
 j - a +0 leather armour (worn)
 k - a +0 pair of boots (worn)
 v - a +2 cloak
 w - a cursed +0 cloak (worn)
Magical Staves
 p - an uncursed staff of energy {unknown}
Jewellery
 c - an amulet of the acrobat (around neck)
Scrolls
 a - a scroll of remove curse {unknown}
 g - 5 scrolls of teleportation {unknown}
 l - 2 scrolls of magic mapping {unknown}
 m - 2 scrolls of noise {unknown}
 q - a scroll of enchant weapon {unknown}
 s - 5 scrolls of identify {unknown}
 u - a scroll of fog {unknown}
 x - a scroll of blinking {unknown}
 y - 4 scrolls of random uselessness {unknown}
Potions
 e - 2 potions of lignification {unknown}
 f - a potion of resistance {unknown}
 h - 2 potions of mutation {unknown}
 n - 3 potions of stabbing {unknown}
 o - a potion of degeneration {unknown}
 r - 2 potions of berserk rage {unknown}
 t - a potion of ambrosia {unknown}
 z - a potion of invisibility {unknown}
 A - a potion of flight {unknown}
 B - a potion of heal wounds {unknown}
Comestibles
 d - 5 rations


   Skills:
 + Level 1.7 Fighting
 - Level 1.0 Armour
 - Level 2.4 Dodging
 - Level 2.4 Stealth
 * Level 7.0 Spellcasting
 * Level 4.1 Conjurations
 - Level 1.1 Summonings
 - Level 1.1 Translocations
 - Level 1.0 Fire Magic
 - Level 1.0 Air Magic
 + Level 1.7 Poison Magic


You had 8 spell levels left.
You knew the following spells:

 Your Spells              Type           Power        Failure   Level  Hunger
a - Magic Dart            Conj           ####         1%          1    None
b - Mephitic Cloud        Conj/Pois/Air  ###.....     13%         3    None
c - Call Imp              Summ           ##......     11%         2    None
d - Blink                 Tloc           N/A          11%         2    None
e - Conjure Flame         Conj/Fire      ###.....     12%         3    None

Your spell library contained the following spells:

 Spells                   Type           Power        Failure   Level  Hunger
 Corona                   Hex            #......      12%         1    None
 Dazzling Flash           Conj/Hex       ###...       14%         3    None
 Ensorcelled Hibernation  Hex/Ice        #.....       17%         2    None
 Slow                     Hex            #.......     17%         2    None
 Confusing Touch          Hex            #.......     34%         3    None
 Tukima's Dance           Hex            #.......     34%         3    None


Dungeon Overview and Level Annotations

Branches:
Dungeon (4/15)              Sewer (visited)
 Temple: D:4-7

Altars:
Hepliaklqana
Okawaru


Message History

Aiming: Magic Dart (safe; 1% risk of failure)
Press: ? - help, Shift-Dir - straight line, f/p - ogre
Aim: an ogre, wielding a +0 giant club (noxious fumes, moderately wounded, confused)
The magic dart hits the ogre!
The ogre is severely wounded.
The ogre is engulfed in noxious fumes.
The ogre laughs crazily.
Casting: Magic Dart (safe; 1% risk of failure)
Confirm with . or Enter, or press ? or * to list all spells.
Aiming: Magic Dart (safe; 1% risk of failure)
Press: ? - help, Shift-Dir - straight line, f/p - ogre
Aim: an ogre, wielding a +0 giant club (severely wounded, confused)
The magic dart hits the ogre.
The ogre is almost dead.
The ogre hits you but does no damage.
You hit the ogre.
The ogre is poisoned.
The ogre is almost dead.
The ogre hits you with a +0 giant club!!
Ouch! That really hurt!
You die...

?.....%.. ...
........ ..#
.......#######..
#....#.#≈≈≈≈≈#
###...#.#≈≈≈≈≈#..
.......#≈†.≈≈#..
####.##..#≈≈≈†≈#..
##.#☼.†#..'######..
#.@O°..............
#..○.○##...##..###.
##....###..##....#.
#.........###.....
##........# #.....
........## ##....
##....#.## ###..
###.#### #.# ###


You could see an ogre (confused, very poisoned).

Vanquished Creatures
  Purgy (Sewer)
  3 hounds (D:4)
  Crazy Yiuf (D:2)
  Terence (D:3)
  A worker ant (D:4)
  4 gnolls
  5 adders
  An ooze (D:3)
  2 worms
  A dart slug (D:2)
  A leopard gecko (D:2)
  3 orcs (D:4)
  2 ball pythons (D:1)
  9 giant cockroaches
  9 goblins
  6 hobgoblins
  2 jackals (D:4)
  5 kobolds
  11 bats
  6 frilled lizards
  10 rats
84 creatures vanquished.

Notes
Turn   | Place    | Note
-------+----------+-------------------------------------------
     0 | D:1      | pokeman the Deep Elf Wizard began the quest for the Orb.
     0 | D:1      | Reached XP level 1. HP: 10/10 MP: 7/7
   405 | D:1      | Reached XP level 2. HP: 16/16 MP: 7/9
  1053 | D:1      | Reached skill level 5 in Spellcasting
  1301 | D:1      | Reached XP level 3. HP: 5/20 MP: 5/11
  1306 | D:1      | Learned a level 3 spell: Mephitic Cloud
  1309 | D:1      | Learned a level 2 spell: Call Imp
  1312 | D:1      | Learned a level 2 spell: Blink
  1316 | D:1      | Learned a level 3 spell: Conjure Flame
  1847 | D:2      | Reached skill level 1 in Armour
  1878 | D:2      | Reached skill level 1 in Fighting
  1965 | D:2      | Found an iron altar of Okawaru.
  2113 | D:2      | Reached XP level 4. HP: 21/25 MP: 5/13
  2445 | D:2      | Found a runed translucent door.
  2446 | D:2      | Noticed Crazy Yiuf
  2462 | D:2      | Killed Crazy Yiuf
  2660 | D:2      | Found a hazy altar of Hepliaklqana.
  3052 | D:3      | Reached skill level 6 in Spellcasting
  3052 | D:3      | Reached skill level 1 in Fire Magic
  3052 | D:3      | Reached XP level 5. HP: 29/29 MP: 11/15
  3277 | D:3      | Noticed Terence
  3314 | D:3      | Killed Terence
  3314 | D:3      | Reached skill level 1 in Air Magic
  3887 | D:4      | Reached skill level 1 in Poison Magic
  3897 | D:4      | Noticed an ogre
  3898 | D:4      | Reached XP level 6. HP: 12/34 MP: 8/17
  3918 | D:4      | Found a glowing drain.
  3925 | Sewer    | Entered a sewer
  4157 | Sewer    | Noticed Purgy
  4177 | Sewer    | Killed Purgy
  4177 | Sewer    | Reached skill level 7 in Spellcasting
  4447 | D:4      | Mangled by an ogre

Illustrated notes

Levels and vault maps discovered:
D:1:      minmay_arrival_doors, layout_basic, nrook_loot_triangle
D:2:      layout_rooms, old_standard_altar, kennysheep_okawaru_gauntlet,
          uniq_crazy_yiuf_cottage
D:3:      layout_rooms, uniq_terence
D:4:      layout_cave_pools, portal_sewer_entry_c

Skill      XL: |  1  2  3  4  5  6 |
---------------+-------------------+-----
Spellcasting   | 5 6 7 |  7.0
Armour         | 1 |  1.0
Fighting       | 1 |  1.7
Conjurations   | 2 3 4 |  4.1
Fire Magic     | 1 |  1.0
Air Magic      | 1 |  1.0
Poison Magic   | 1 |  1.7
Dodging        | |  2.4
Stealth        | |  2.4
Summonings     | |  1.1
Translocations | |  1.1

Action                   |  1- 3 |  4- 6 || total
-------------------------+-------+-------++-------
Melee: War axe           |       |     1 ||     1
       Short sword       |       |    30 ||    30
       Quarterstaff      |       |     1 ||     1
 Cast: Magic Dart        |   103 |   109 ||   212
       Mephitic Cloud    |     1 |     7 ||     8
       Conjure Flame     |       |     1 ||     1
       Call Imp          |       |     1 ||     1
       Blink             |       |     3 ||     3
 Stab: Confused          |       |     1 ||     1
  Eat: Chunk             |     3 |     7 ||    10
Armor: Robe              |     4 |       ||     4
       Leather armour    |     2 |    24 ||    26
Dodge: Dodged            |    17 |    58 ||    75
